 Dungeon Crawl Stone Soup version 0.29-b1-12-g9e2288ab2a (webtiles) character file.

Game seed: 17065759005347712392

1408 voltaire321 the Stinger (level 8, -2/60 HPs)
             Began as a Demonspawn Venom Mage on Aug 23, 2022.
             Was a Follower of Wu Jian.
             Slain by an orc warrior
             ... wielding a +0 battleaxe
              (25 damage)
             ... on level 6 of the Dungeon on Aug 24, 2022.
             The game lasted 00:24:33 (6709 turns).

voltaire321 the Stinger (Demonspawn Venom Mage)     Turns: 6709, Time: 00:24:33

Health: -2/60      AC:  5    Str:  8    XL:     8   Next: 42%
Magic:  14/14      EV: 12    Int: 18    God:    Wu Jian [*.....]
Gold:   216        SH:  8    Dex: 15    Spells: 8/15 levels left

rFire   . . .      SeeInvis .   s - +2 dagger (elec)
rCold   . . .      Faith    .   v - +3 buckler
rNeg    . . .      Spirit   .   e - +0 leather armour
rPois   .          Reflect  .   (no helmet)
rElec   .          Harm     .   (no cloak)
rCorr   .          Rampage  .   (no gloves)
Will    .....                   (no boots)
Stlth   ++........              u - amulet of regeneration
HPRegen 1.00/turn               (no ring)
MPRegen 0.14/turn               (no ring)

@: no status effects
A: claws 2, slimy green scales 1, powered by death 1, spiny 1
a: Renounce Religion


You were on level 6 of the Dungeon.
You worshipped Wu Jian.
Wu Jian was aware of your devotion.
You visited 2 branches of the dungeon, and saw 8 of its levels.

You collected 409 gold pieces.
You spent 193 gold pieces at shops.

Inventory:

Hand Weapons
 s - a +2 dagger of electrocution (weapon)
 x - a +0 rapier
Armour
 e - a +0 leather armour (worn)
 v - a +3 buckler (worn)
Jewellery
 u - an amulet of regeneration (around neck)
Wands
 w - a wand of polymorph (10)
Scrolls
 d - 2 scrolls of teleportation
 f - a scroll of poison {unknown}
 g - a scroll of identify
 o - 2 scrolls of enchant weapon
Potions
 a - 3 potions of mutation
 b - a potion of magic
 c - 2 potions of flight
 h - 2 potions of cancellation {unknown}
 j - 2 potions of curing
 k - 2 potions of brilliance {unknown}
 l - 2 potions of lignification
 m - 2 potions of berserk rage
 n - 6 potions of heal wounds


   Skills:
 + Level 3.7 Fighting
 + Level 3.2 Armour
 + Level 4.0 Dodging
 - Level 1.7 Stealth
 + Level 2.7 Shields
 + Level 4.0 Spellcasting
 + Level 3.1 Translocations
 - Level 2.0 Transmutations
 + Level 5.0 Poison Magic


You had 8 spell levels left.
You knew the following spells:

 Your Spells              Type           Power      Damage    Failure   Level
a - Sting                 Tmut/Pois      64%        1d6       6%          1
b - Blink                 Tloc           28%        N/A       12%         2
c - Olgreb's Toxic Radia  Pois           21%        N/A       34%         4

Your spell library contained the following spells:

 Spells                   Type           Power      Damage    Failure   Level
 Poisonous Vapours        Pois/Air       24%        N/A       14%         2
 Spider Form              Tmut/Pois      16%        N/A       19%         3
 Lesser Beckoning         Tloc           14%        N/A       22%         3
 Foxfire                  Conj/Fire      12%        2x1d4     26%         1
 Magic Dart               Conj           12%        1d3       26%         1
 Ensorcelled Hibernation  Hex/Ice        6%         N/A       38%         2
 Searing Ray              Conj           6%         2d4       38%         2
 Mephitic Cloud           Conj/Pois/Air  9%         N/A       38%         3
 Conjure Flame            Conj/Fire      3%         6-21      63%         3
 Dazzling Flash           Conj/Hex       6%         N/A       63%         3
 Inner Flame              Hex/Fire       3%         N/A       63%         3
 Vampiric Draining        Necr           3%         2d6       63%         3
 Manifold Assault         Tloc           14%        N/A       91%         5
 Anguish                  Hex/Necr       1%         N/A       95%         4
 Flame Wave               Conj/Fire      3%         2d5       95%         4
 Fulminant Prism          Conj/Hex       1%         3d6       95%         4
 Agony                    Necr           3%         N/A       100%        5
 Silence                  Hex/Air        1%         N/A       100%        5
 Lehudib's Crystal Spear  Conj/Erth      1%         10d2      100%        8
 Chain Lightning          Conj/Air       1%         3d2       100%        9
 Death's Door             Necr           1%         N/A       100%        9
 Fire Storm               Conj/Fire      1%         8d1       100%        9
 Shatter                  Erth           1%         3d6*      100%        9


Dungeon Overview and Level Annotations

Branches:
Dungeon (7/15)             Temple (1/1) D:4

Altars:
Ashenzari
Dithmenos
Fedhas
Gozag
Hepliaklqana
Kikubaaqudgha
Makhleb
Okawaru
Qazlal
Ru
Sif Muna
Vehumet
Wu Jian
Xom
Yredelemnul

Shops:
D:1 (   D:4 [?

Annotations:
D:4 1 runed translucent door, Crazy Yiuf
D:5 3 runed translucent doors, Zeldest's ghost, novice TrEE


Innate Abilities, Weirdness & Mutations

You have very sharp fingernails.
You are partially covered in slimy green scales. (AC +2)
You regenerate a little health from kills.
You are partially covered in sharp spines.


Message History

The orc wizard casts a spell at you. The puff of flame hits you.
The orc wizard is struck by your spines.
The orc wizard closely misses you.
You climb upwards.
There is a stone staircase leading down here.
You hit the orc wizard.
Lightning courses through the orc wizard!
You kill the orc wizard!
The Council accepts your kill.
The orc warrior is struck by your spines.
The orc warrior closely misses you.
Your Dodging skill increases to level 4!
You closely miss the orc warrior.
The orc warrior is lightly wounded.
You block the orc warrior's attack.
You barely miss the orc warrior.
The orc warrior is lightly wounded.
The orc warrior hits you with a +0 battleaxe!
You spin and attack the orc warrior.
You completely miss the orc warrior.
The orc warrior is lightly wounded.
The orc warrior is struck by your spines.
The orc warrior hits you with a +0 battleaxe.
The orc warrior attacks as you move away!
The orc warrior is struck by your spines.
The orc warrior hits you with a +0 battleaxe!
The orc warrior attacks as you move away!
You block the orc warrior's attack.
The orc warrior attacks as you move away!
The orc warrior closely misses you.
You spin and attack the orc warrior.
You hit the orc warrior but do no damage.
The orc warrior is moderately wounded.
The orc warrior is struck by your spines.
The orc warrior hits you with a +0 battleaxe!
You spin and attack the orc warrior.
You barely miss the orc warrior.
The orc warrior is moderately wounded.
The orc warrior is struck by your spines.
The orc warrior hits you with a +0 battleaxe!!
You die...

#..#....#'##...#'#...#'
#..#....#..#...#.......
#..#...)#..#...###...##
#..#..>.####....''...'.
#..#.............#####.
#..#............#..#...
#..#............##.'...
#..#............#..#...
#..#..@(####....#..###.
#..#...o#..'....#..#.+.
#..#....#..#....#'##.##
#..#....#'##...........
#..#...................
#..#................###
#..#................#..
#..#...[........#.#.'..
#..'............._..#.#


You could see an orc warrior.

Vanquished Creatures
  A black bear (D:5)
  A phantom (D:5)
  Blork the orc (D:5)
  2 bullfrogs (D:6)
  2 scorpions
  3 necrophages
  A howler monkey (D:6)
  5 orc priests
  2 gnoll boudas
  3 iguanas
  2 jellies (D:4)
  4 orc wizards
  13 gnolls
  8 adders
  A worm (D:4)
  4 dart slugs
  16 orcs
  8 endoplasms
  4 goblins
  8 hobgoblins
  4 quokkas
  3 ball pythons
  2 bats
  3 frilled lizards
  4 kobolds
  3 rats
108 creatures vanquished.

Notes
Turn   | Place    | Note
-------+----------+-------------------------------------------
     0 | D:1      | voltaire321 the Demonspawn Venom Mage began the quest for
                  | the Orb.
     0 | D:1      | Reached XP level 1. HP: 13/13 MP: 3/3
    55 | D:1      | Reached skill level 1 in Transmutations
   472 | D:1      | Gained mutation: You are partially covered in sharp spines.
                  | [demonic ancestry]
   472 | D:1      | Reached XP level 2. HP: 15/20 MP: 1/5
   863 | D:1      | Found a faded altar of an unknown god.
   908 | D:1      | Found Moxuckoy's Weapon Shoppe.
  1383 | D:1      | Got the Reference Book on Chthonic Evil Arts
  1455 | D:2      | Gained mutation: You regenerate a little health from kills.
                  | [demonic ancestry]
  1455 | D:2      | Reached XP level 3. HP: 12/25 MP: 2/6
  1667 | D:2      | Found a blossoming altar of Fedhas.
  1672 | D:2      | Reached skill level 1 in Fighting
  1681 | D:2      | Learned a level 2 spell: Blink
  1910 | D:2      | Reached skill level 1 in Armour
  1910 | D:2      | Reached XP level 4. HP: 32/32 MP: 4/7
  3345 | D:4      | Found an ancient bone altar of Kikubaaqudgha.
  3537 | D:4      | Found a staircase to the Ecumenical Temple.
  3545 | D:4      | Reached skill level 1 in Translocations
  3545 | D:4      | Gained mutation: You have sharp fingernails. [demonic
                  | ancestry]
  3545 | D:4      | Reached XP level 5. HP: 27/38 MP: 5/8
  3638 | Temple   | Entered the Ecumenical Temple
  3693 | Temple   | Became a worshipper of the Wu Jian Council
  3754 | D:4      | Found Woirelum's Magic Scroll Shoppe.
  3757 | D:4      | Found Beh Fav's Antique Armour Shoppe.
  3802 | D:4      | Bought a glowing buckler for 165 gold pieces
  3811 | D:4      | Bought a scroll of identify for 28 gold pieces
  4168 | D:4      | Found a blossoming altar of Fedhas.
  4268 | D:4      | Found a runed translucent door.
  4269 | D:4      | Noticed Crazy Yiuf
  4293 | D:5      | Entered Level 5 of the Dungeon
  4489 | D:5      | Gained mutation: You are partially covered in slimy green
                  | scales. (AC +2) [demonic ancestry]
  4489 | D:5      | Reached XP level 6. HP: 44/44 MP: 7/10
  4598 | D:5      | Reached skill level 1 in Shields
  4691 | D:5      | Reached skill level 4 in Poison Magic
  4882 | D:5      | Gained mutation: You have very sharp fingernails. [demonic
                  | ancestry]
  4882 | D:5      | Reached XP level 7. HP: 51/51 MP: 9/11
  5031 | D:5      | Noticed Blork the orc
  5040 | D:5      | Killed Blork the orc
  5307 | D:5      | Found a runed translucent gate.
  5307 | D:5      | Found a runed translucent gate.
  5308 | D:5      | Found a runed translucent gate.
  5310 | D:5      | Noticed Zeldest's ghost (novice TrEE)
  5844 | D:6      | Reached XP level 8. HP: 38/58 MP: 8/13
  6012 | D:6      | Learned a level 4 spell: Olgreb's Toxic Radiance
  6146 | D:6      | Found a radiant altar of Vehumet.
  6168 | D:6      | Found an iron altar of Okawaru.
  6204 | D:6      | Reached * piety under Wu Jian
  6212 | D:6      | Reached skill level 5 in Poison Magic
  6400 | D:6      | Found a burning altar of Makhleb.
  6694 | D:7      | Found a basalt altar of Yredelemnul.
  6709 | D:6      | Slain by an orc warrior

Illustrated notes

Levels and vault maps discovered:
D:1:      spicycebolla_green_bress_n_ham, layout_basic, serial_shops,
          nicolae_shop_trees, basic_ecumenical_altar, minmay_tromino_v4_a
D:2:      layout_basic, basic_altar, minmay_diced_spiral
D:3:      layout_loops_cross
D:4:      layout_basic, grunt_temple_overflow_growth_and_decay,
          minmay_temple_entry_proselytizer, nicolae_wooded_promenade,
          uniq_crazy_yiuf_cottage
D:5:      layout_loops_ring, gammafunk_ghost_necromancy, uniq_blork_the_orc
D:6:      nicolae_cairo_tiling_large, layout_gridville, lemuel_crystal_altar,
          mainiacjoe_overflow_catch_the_wave
D:7:      layout_rooms, lemuel_crystal_altar, minivault_22
Temple:   nicolae_temple_hex_pool

Skill      XL: |  1  2  3  4  5  6  7  8 |
---------------+-------------------------+-----
Transmutations | 1 2 |  2.0
Dodging        | 2 3 4 |  4.0
Fighting       | 1 2 3 |  3.7
Armour         | 1 2 3 |  3.2
Translocations | 1 2 3 |  3.1
Shields        | 1 2 |  2.7
Spellcasting   | 3 4 |  4.0
Poison Magic   | 4 5 |  5.0
Stealth        | |  1.7

Action                   |  1- 3 |  4- 6 |  7- 9 || total
-------------------------+-------+-------+-------++-------
Melee: Unarmed           |     2 |     3 |       ||     5
       Dagger            |    24 |    62 |   104 ||   190
       Punch             |       |     1 |       ||     1
 Cast: Sting             |    45 |    54 |    46 ||   145
Invok: Lunge             |       |     7 |     4 ||    11
       Whirlwind         |       |       |    15 ||    15
  Use: Scroll            |       |    14 |       ||    14
 Stab: Sleeping          |       |       |     2 ||     2
Armor: Leather armour    |     5 |    12 |    23 ||    40
Dodge: Dodged            |    11 |    45 |    58 ||   114
Block: Buckler           |       |    15 |    40 ||    55
